 Dungeon Crawl Stone Soup version 0.28.0-47-ge53b351184 (webtiles) character file.

Game seed: 5104789671947980949

8274 Labrat the Thaumaturge (level 10, -7/88 HPs)
             Began as a Demigod Conjurer on May 8, 2022.
             Mangled by Snorg (16 damage)
             ... on level 9 of the Dungeon.
             The game lasted 00:44:03 (14660 turns).

Labrat the Thaumaturge (Demigod Conjurer)          Turns: 14660, Time: 00:44:03

Health: -7/88      AC:  9    Str:  8    XL:     10   Next: 81%
Magic:  1/45       EV: 13    Int: 32    God:
Gold:   549        SH:  3    Dex: 12    Spells: 19/26 levels left

rFire   . . .      SeeInvis .   s - +4 dagger (protect)
rCold   . . .      Faith    .   K - +0 buckler
rNeg    . . .      Spirit   .   F - +0 steam dragon scales
rPois   .          Reflect  .   (no helmet)
rElec   .          Harm     .   (no cloak)
rCorr   .          Rampage  .   w - +0 pair of gloves
Will    +....                   J - +2 pair of boots
Stlth   ++........              (no amulet)
HPRegen 0.24/turn               n - ring of magical power
MPRegen 0.29/turn               u - ring of magical power

@: studying Translocations
A: high MP 1, forlorn, divine attributes
a: no special abilities


You were on level 9 of the Dungeon.
You visited 1 branch of the dungeon, and saw 11 of its levels.
You also visited: Sewer.

You collected 549 gold pieces.

Inventory:

Hand Weapons
 s - a +4 dagger of protection (weapon)
 H - the +4 great mace of Ointment {venom, *Noise rF+ rC+ Int+5}
   (You found it on level 7 of the Dungeon)

   It poisons the flesh of those it strikes.
   Int:       It affects your intelligence (+5).
   rF:        It protects you from fire.
   rC:        It protects you from cold.
   *Noise:    It may make noises in combat.
Missiles
 k - 14 poisoned darts
 B - a curare-tipped dart
 E - 2 boomerangs of dispersal
 N - 6 datura-tipped darts
 O - a throwing net
Armour
 w - a +0 pair of gloves (worn)
 A - the +0 robe of the Planets {Will+ rCorr Str+4 Stlth-}
   (You found it on level 6 of the Dungeon)

   Str:       It affects your strength (+4).
   rCorr:     It protects you from acid and corrosion.
   Will:      It increases your willpower.
   Stlth:     It makes you less stealthy.
 F - +0 steam dragon scales (worn)
 J - a +2 pair of boots (worn)
 K - a +0 buckler (worn)
Jewellery
 e - a ring of poison resistance
 j - an amulet of guardian spirit
 n - a ring of magical power (left hand)
 u - a ring of magical power (right hand)
Wands
 t - a wand of charming (4)
 G - a wand of polymorph (3)
 I - a wand of acid (6)
 L - a wand of mindburst (16)
Scrolls
 a - a scroll of magic mapping {unknown}
 b - 2 scrolls of fog {unknown}
 d - 3 scrolls of teleportation {unknown}
 f - 2 scrolls of fear {unknown}
 i - 5 scrolls of amnesia {unknown}
 m - 4 scrolls of identify {unknown}
 r - 2 scrolls of noise {unknown}
 v - a scroll of immolation {unknown}
 x - 3 scrolls of enchant armour {unknown}
 y - a scroll of summoning {unknown}
 M - a scroll of vulnerability {unknown}
Potions
 c - 5 potions of lignification {unknown}
 g - 3 potions of berserk rage {unknown}
 h - 8 potions of heal wounds {unknown}
 l - a potion of invisibility {unknown}
 o - 5 potions of curing
 p - 3 potions of brilliance {unknown}
 q - 2 potions of flight {unknown}
 z - 4 potions of attraction {unknown}
 C - 2 potions of might {unknown}
 D - a potion of mutation {unknown}


   Skills:
 - Level 8.0 Fighting
 - Level 5.0 Dodging
 - Level 1.7 Stealth
 + Level 8.7 Spellcasting
 - Level 8.0 Conjurations
 - Level 3.0 Translocations
 + Level 3.9 Evocations


You had 19 spell levels left.
You knew the following spells:

 Your Spells              Type           Power      Damage    Failure   Level
a - Magic Dart            Conj           100%       1d8       1%          1
b - Searing Ray           Conj           100%       2d8       1%          2
c - Iskenderun's Mystic   Conj/Tloc      49%        2d11      4%          4

Your spell library contained the following spells:

 Spells                   Type           Power      Damage    Failure   Level
 Dazzling Flash           Conj/Hex       78%        N/A       2%          3
 Fulminant Prism          Conj/Hex       19%        3d11      9%          4


Dungeon Overview and Level Annotations

Branches:
Dungeon (11/15)            Temple (0/1) D:6            Lair (0/6) D:8
    Orc (0/2) D:9           Sewer (visited)

Shops:
D:6 !   D:9 =   D:10 =

Annotations:
D:8 Joseph
D:9 exclusion: orange crystal statue, Snorg


Innate Abilities, Weirdness & Mutations

You have an increased reservoir of magic. (+10% MP)
You shall have no god before yourself.
Your divine heritage dramatically boosts your attributes as you level up.


Message History

Confirm with . or Enter, or press ? or * to list all spells.
You erupt in a blast of force!
The mystic blast hits Snorg.
Snorg is moderately wounded.
Snorg is knocked back by the mystic blast.
Unknown command.
Casting: Iskenderun's Mystic Blast (dangerous; 4% risk of failure)
Confirm with . or Enter, or press ? or * to list all spells.
You erupt in a blast of force!
The mystic blast hits Snorg!
Snorg is heavily wounded.
Snorg is knocked back by the mystic blast.
Unknown command.
Casting: Iskenderun's Mystic Blast (dangerous; 4% risk of failure)
Confirm with . or Enter, or press ? or * to list all spells.
You erupt in a blast of force!
The mystic blast hits Snorg.
Snorg is heavily wounded.
Snorg bites you! Snorg claws you! x2
Unknown command.
Snorg bites you. Snorg claws you! Snorg claws you but does no damage.
Snorg rages.
Snorg barely misses you. Snorg claws you. You block Snorg's attack.
There is a stone staircase leading up here.
Snorg bites you!
* * * LOW HITPOINT WARNING * * *
Snorg claws you!
* * * LOW HITPOINT WARNING * * *
Snorg misses you.
You climb upwards.
Level annotation: exclusion: orange crystal statue
There is a stone staircase leading down here.
Okay, then.
Casting: Iskenderun's Mystic Blast (dangerous; 4% risk of failure)
Confirm with . or Enter, or press ? or * to list all spells.
You erupt in a blast of force!
The mystic blast hits Snorg!
Snorg is heavily wounded.
Snorg is knocked back by the mystic blast.
Unknown command.
Snorg rages.
Unknown command.
Snorg bites you!
You die...

#.......'.######.
#########)......### #.
#...............# #.
#.###########'### ## #.#
#######..# # #.#
#8......## #
#.####.....### ####
#.##....<..###########...
#.##....@.......##...+...
#.8...∩.T.8.....##.###...
#....(..........##.# #...
#...>......>....##.# #...
##.....#...........# #...
#....8#........#### #...
##########.##### #...
##.# ###' #..# #.


You could see Snorg (berserk).

Vanquished Creatures
  A boulder beetle (D:11)
  A two-headed ogre (D:10)
  A centaur warrior (D:9)
  A komodo dragon (D:10)
  A troll (D:8)
  A hornet (D:9)
  Sigmund (D:3)
  A wyvern (D:9)
  A shadow (D:9)
  2 wraiths
  5 steam dragons
  Edmund (D:6)
  5 water moccasins
  4 sky beasts
  4 orc warriors
  An ice beast (D:7)
  2 hornet zombies
  An ogre (D:4)
  2 necrophages
  3 centaurs
  2 phantoms (D:7)
  5 bullfrogs
  2 kobold brigands
  3 scorpions
  4 gnoll sergeants
  A water moccasin skeleton (D:5)
  A wight (D:7)
  2 electric eels (D:8)
  A lava snake (D:7)
  2 orc priests
  A bullfrog zombie (D:5)
  A gnoll shaman (D:5)
  7 hounds
  A centaur zombie (D:9)
  A centaur skeleton (D:6)
  An iguana (D:7)
  Jessica (D:2)
  6 orc wizards
  Natasha (thrice) (D:2)
  A howler monkey zombie (D:7)
  20 gnolls
  3 adders
  3 shadow imps (D:8)
  2 white imps
  An ufetubus (D:4)
  2 worms
  3 dart slugs
  28 orcs
  3 ball pythons
  3 bats
  6 endoplasms
  7 giant cockroaches
  3 goblins
  9 hobgoblins
  5 jackals
  14 kobolds
  4 quokkas
  4 frilled lizards
  4 rats
209 creatures vanquished.

Notes
Turn   | Place    | Note
-------+----------+-------------------------------------------
     0 | D:1      | Labrat the Demigod Conjurer began the quest for the Orb.
     0 | D:1      | Reached XP level 1. HP: 14/14 MP: 5/5
   545 | D:1      | Reached XP level 2. HP: 20/20 MP: 1/7
  1306 | D:1      | Learned a level 2 spell: Searing Ray
  1458 | D:2      | Noticed Natasha
  1480 | D:2      | Reached XP level 3. HP: 26/26 MP: 3/9
  2023 | D:2      | Noticed Jessica
  2031 | D:2      | Killed Jessica
  2032 | D:2      | Reached XP level 4. HP: 33/33 MP: 5/11
  2323 | D:2      | Killed Natasha
  2406 | D:2      | Noticed Natasha
  2527 | D:2      | Killed Natasha
  2682 | D:2      | Noticed Natasha
  2684 | D:2      | Killed Natasha
  2766 | D:3      | Reached XP level 5. HP: 38/38 MP: 8/13
  2864 | D:3      | Noticed Sigmund
  3036 | D:3      | Reached skill level 5 in Conjurations
  3934 | D:4      | Noticed an ogre
  4610 | D:5      | Entered Level 5 of the Dungeon
  4639 | D:5      | Reached XP level 6. HP: 35/45 MP: 16/16
  4710 | D:5      | Reached skill level 5 in Spellcasting
  4710 | D:5      | Found a glowing drain.
  4739 | Sewer    | Entered a sewer
  4822 | Sewer    | Noticed a water moccasin
  4827 | Sewer    | Killed a water moccasin
  5204 | D:5      | Reached XP level 7. HP: 38/57 MP: 16/17
  5793 | D:3      | Killed Sigmund
  5794 | D:3      | Reached skill level 5 in Fighting
  5858 | D:6      | Noticed Edmund
  6004 | D:6      | Identified the +0 robe of the Planets {Will+ rCorr Str+4
                  | Stlth-}
  6027 | D:6      | Found Dyoly's Distillery.
  6311 | D:6      | Reached XP level 8. HP: 66/68 MP: 21/21
  6958 | D:6      | Found a staircase to the Ecumenical Temple.
  7149 | D:6      | Learned a level 4 spell: Iskenderun's Mystic Blast
  7463 | D:7      | Reached skill level 1 in Translocations
  8175 | D:7      | Identified the +4 great mace of Ointment {venom, *Noise rF+
                  | rC+ Int+5}
  8467 | D:7      | Reached XP level 9. HP: 74/74 MP: 24/24
 10829 | D:8      | Noticed Joseph
 11193 | D:8      | Found a staircase to the Lair.
 11577 | D:9      | Noticed an orange crystal statue
 11635 | D:9      | Found a staircase to the Orcish Mines.
 11703 | D:9      | Reached XP level 10. HP: 67/83 MP: 26/26
 11807 | D:9      | Noticed a centaur warrior
 11835 | D:9      | Reached skill level 5 in Dodging
 11880 | D:9      | Found Himagiw's Jewellery Shop.
 12026 | D:6      | Killed Edmund
 12497 | D:9      | Paralysed by a hornet for 2 turns
 13061 | D:9      | HP: 1/86 [centaur warrior/+0 whip (5)]
 13062 | D:9      | Killed a centaur warrior
 13459 | D:9      | Reached skill level 1 in Evocations
 13660 | D:10     | Entered Level 10 of the Dungeon
 13732 | D:10     | You fall into a shaft and drop 1 floor!
 13765 | D:11     | Noticed a boulder beetle
 13779 | D:11     | Killed a boulder beetle
 14303 | D:10     | Noticed Snorg
 14430 | D:10     | Found Golauw's Jewellery Emporium.
 14518 | D:10     | Noticed a two-headed ogre
 14530 | D:10     | Killed a two-headed ogre
 14660 | D:9      | Mangled by Snorg

Illustrated notes

Levels and vault maps discovered:
D:1:      psy_arrival_conway, layout_basic, chequers_serial_rivers_micro_b
D:2:      layout_loops_ring, minmay_misc_feat_square, serial_park_tiny_1,
          hangedman_abyss_or_decor_lesser_grid, uniq_natasha, uniq_jessica
D:3:      layout_rooms, lemuel_doored_altar, grunt_temple_overflow_open,
          hellmonk_ecumenical_altar_run_dry, minmay_distorted, uniq_sigmund
D:4:      layout_loops_cross, nicolae_overflow_crystal_walls,
          minmay_tree_intersection, kennysheep_dice
D:5:      layout_rooms, gup_sewer_entry_glass
D:6:      layout_basic, marbit_many_paths, minmay_temple_entry_fiery,
          serial_shops, nicolae_shop_hallway_stairs, uniq_edmund
D:7:      cheibrodos_steamvent, layout_gridville, led_sif_pool,
          minmay_misc_feat_enclosed, minmay_stone_trees_small, st_stairs_9,
          nrook_loot_triangle, grunt_decor_arrowhead, kennysheep_generic_room_5
D:8:      layout_basic, erik_lair_island, minmay_manual_mail, uniq_joseph
D:9:      layout_roguey, orc_0_dummy, nicolae_stop_n_shop_1,
          minmay_statue_bubble
D:10:     layout_loops_ring, serial_shops, kennysheep_mini,
          nicolae_two_hexagons, uniq_snorg
D:11:     layout_roguey, special_room [special_room_orc], nicolae_sextant

Skill      XL: |  1  2  3  4  5  6  7  8  9 10 |
---------------+-------------------------------+-----
Spellcasting   | 2 3 4 5 6 7 8 |  8.7
Conjurations   | 4 5 6 8 |  8.0
Fighting       | 3 5 6 8 |  8.0
Translocations | 3 |  3.0
Dodging        | 4 5 |  5.0
Evocations     | 3 |  3.9
Stealth        | |  1.7

Action                   |  1- 3 |  4- 6 |  7- 9 | 10-12 || total
-------------------------+-------+-------+-------+-------++-------
Melee: Unarmed           |    18 |       |       |       ||    18
       Punch             |     1 |       |       |       ||     1
       Spear             |       |     5 |    17 |       ||    22
       Short sword       |       |       |    15 |       ||    15
       Dagger            |       |       |       |    17 ||    17
Throw: Dart              |       |       |       |     4 ||     4
 Cast: Magic Dart        |    81 |    51 |   121 |    23 ||   276
       Searing Ray       |     3 |    25 |    81 |    38 ||   147
       Iskenderun's Myst |       |       |     7 |    34 ||    41
Evoke: Wand              |       |       |       |     5 ||     5
  Use: Potion            |       |       |       |     1 ||     1
 Stab: Distracted        |       |       |     1 |       ||     1
       Sleeping          |       |       |     1 |       ||     1
Armor: Robe              |     5 |     7 |    15 |       ||    27
       Steam dragon scal |       |       |    46 |    49 ||    95
Dodge: Dodged            |    13 |    29 |   102 |    71 ||   215
Block: Buckler           |       |       |     3 |    14 ||    17
